 Dungeon Crawl Stone Soup version 0.27-a0-287-gd4424db430 (webtiles) character file.

Game seed: 12978512667508777218

35 skwiii the Vexing (level 3, -18/28 HPs)
             Began as a Gnoll Arcane Marksman on Feb 9, 2021.
             Killed by an exploding a hound (28 damage)
             ... exploding inner flame
             ... on level 2 of the Dungeon.
             The game lasted 00:07:02 (1251 turns).

skwiii the Vexing (Gnoll Arcane Marksman)           Turns: 1251, Time: 00:07:03

Health: -18/28     AC:  2    Str:  9    XL:     3   Next: 33%
Magic:  3/7        EV: 14    Int: 12    God:
Gold:   27         SH:  0    Dex: 13    Spells: 1/7 levels left

rFire    . . .     SeeInvis .   a - +0 hand crossbow
rCold    . . .     Faith    .   (no shield)
rNeg     . . .     Spirit   .   e - +0 robe
rPois    .         Reflect  .   (no helmet)
rElec    .         Harm     .   (no cloak)
rCorr    .         Rampage  .   (no gloves)
Will     .....                  (no boots)
Stlth    +.........             (no amulet)
HPRegen  0.09/turn              (no ring)
MPRegen  0.10/turn              (no ring)

@: no status effects
A: distributed training, fangs 1, strong nose
a: no special abilities


You were on level 2 of the Dungeon.
You visited 1 branch of the dungeon, and saw 2 of its levels.

You collected 27 gold pieces.

Inventory:

Hand Weapons
 a - a +0 hand crossbow (weapon)
Missiles
 d - 36 bolts (quivered ammo)
Armour
 e - a +0 robe (worn)
Jewellery
 g - an uncursed amulet of faith {unknown}
Scrolls
 c - a scroll of teleportation {unknown}
 f - a scroll of enchant armour {unknown}
Potions
 b - a potion of invisibility {unknown}


   Skills:
 + Level 2.6 Fighting
 + Level 0.7 Short Blades
 + Level 0.7 Long Blades
 + Level 0.7 Axes
 + Level 0.7 Maces & Flails
 + Level 0.7 Polearms
 + Level 0.7 Staves
 + Level 0.7 Slings
 + Level 0.7 Bows
 + Level 4.5 Crossbows
 + Level 0.7 Throwing
 + Level 0.7 Armour
 + Level 4.5 Dodging
 + Level 0.7 Stealth
 + Level 0.7 Shields
 + Level 0.7 Unarmed Combat
 + Level 2.8 Spellcasting
 + Level 0.5 Conjurations
 + Level 5.4 Hexes
 + Level 0.5 Summonings
 + Level 0.5 Necromancy
 + Level 0.5 Translocations
 + Level 0.5 Transmutations
 + Level 0.5 Fire Magic
 + Level 0.5 Ice Magic
 + Level 0.5 Air Magic
 + Level 0.5 Earth Magic
 + Level 0.5 Poison Magic
 + Level 0.9 Invocations
 + Level 0.7 Evocations


You had one spell level left.
You knew the following spells:

 Your Spells              Type           Power        Failure   Level
a - Corona                Hex            15%          2%          1
b - Inner Flame           Hex/Fire       8%           22%         3
c - Slow                  Hex            14%          4%          2

Your spell library contained the following spells:

 Spells                   Type           Power        Failure   Level
 Portal Projectile        Hex/Tloc       16%          22%         3
 Cause Fear               Hex            7%           26%         4
 Leda's Liquefaction      Hex/Erth       4%           58%         4


Dungeon Overview and Level Annotations

Branches:
Dungeon (2/15)

Altars:
Makhleb


Innate Abilities, Weirdness & Mutations

Your experience applies equally to all skills.
You have very sharp teeth.
Your uncanny sense of smell can sniff out nearby items.


Message History

Casting: Corona (safe; 2% risk of failure)
Confirm with . or Enter, or press ? or * to list all spells.
The spell is quite dangerous to cast (22% risk of failure)!
Continue anyway?
Okay, then.
Casting: Inner Flame (quite dangerous; 22% risk of failure)
Confirm with . or Enter, or press ? or * to list all spells.
The spell is quite dangerous to cast (22% risk of failure)!
Continue anyway?
Aiming: Inner Flame (quite dangerous; 22% risk of failure)
Press: ? - help, Shift-Dir - straight line, f/p - hound
Aim: a hound (severely wounded, softly glowing, chance to affect: 62%)
The hound is filled with an inner flame.
The hound bites you. x2
Fire: 37 bolts
Press: ? - help, Q - select action, (/) - cycle Shift-Dir - straight line, f/p - hound
Aim: a hound (severely wounded, inner flame, softly glowing, 71% to hit)
You shoot a bolt. The bolt hits the hound!
The hound explodes!
The fiery explosion engulfs you!!
Ouch! That really hurt!
You die...

##'## ....#
##...## .#....
∆
#.....####.#..#
∆ #####..##
#.#.# # ##
##..## #.#∩#
#..'# #.._.
#.#.#
#..§##.#.#
#..§§@##.#
#...§###.#.
#..+## #.#.#
#.. #.# # ...
#.# .### ..# .


There were no monsters in sight!

Vanquished Creatures
  A hound (D:2)
  3 dart slugs (D:1)
  A leopard gecko (D:1)
  6 goblins (D:1)
  5 hobgoblins (D:1)
  2 kobolds (D:1)
  4 bats (D:1)
  3 frilled lizards (D:1)
  2 rats (D:1)
27 creatures vanquished.

Vanquished Creatures (others)
  2 plants (D:1)
2 creatures vanquished.

Grand Total: 29 creatures vanquished

Notes
Turn   | Place    | Note
-------+----------+-------------------------------------------
     0 | D:1      | skwiii the Gnoll Arcane Marksman began the quest for the
                  | Orb.
     0 | D:1      | Reached XP level 1. HP: 17/17 MP: 4/4
    78 | D:1      | Reached XP level 2. HP: 15/23 MP: 3/5
   668 | D:1      | Reached XP level 3. HP: 28/28 MP: 5/7
   856 | D:1      | Learned a level 3 spell: Inner Flame
   859 | D:1      | Learned a level 2 spell: Slow
  1241 | D:2      | Found a burning altar of Makhleb.
  1251 | D:2      | Killed by an exploding a hound... exploding inner flame

Illustrated notes

Levels and vault maps discovered:
D:1:      minmay_arrival_checkered_box, layout_loops_ring, serial_forest,
          infiniplex_forest_clump_small, infiniplex_forest_clump_cross,
          infiniplex_forest_straight_2, infiniplex_forest_diagonal,
          infiniplex_forest_clump_medium
D:2:      layout_loops_corners, evilmike_ruin_ashenzari,
          eat_drink_and_be_merry_uskayaw, makhleb_grotto_becter,
          serial_co_window_serial, co_window_paths_a, co_window_paths_b,
          co_window_of_opportunity_a, co_window_corner_a, co_window_paths_a,
          co_window_cross_3, co_window_of_opportunity_b, co_window_corner_cb,
          co_window_2corner, glass_columns_b, glass_columns_a, glass_columns_a,
          glass_columns_a, makhleb_heckhound_becter, uniq_crazy_yiuf_cottage,
          uniq_natasha

Action                   || total
-------------------------++-------
 Fire: Hand crossbow     ||    66
 Cast: Corona            ||    11
       Slow              ||     4
       Inner Flame       ||     1
Armor: Robe              ||     6
Dodge: Dodged            ||    31

Table legend: (Time is in decaauts)
 A = Elapsed time spent in this place.
 B = Non-inter-level travel time spent in this place.
 C = Inter-level travel time spent in this place.
 D = Time resting spent in this place.
 E = Time spent auto-exploring this place.
 F = Levels seen in this place.
 G = Mean time per level.
                   A        B        C        D        E       F      G
               +--------+--------+--------+--------+--------+-----+--------+
         Total |   1268 |   1252 |     16 |      0 |    983 |   2 |  634.0 |
       Dungeon |   1268 |   1252 |     16 |      0 |    983 |   2 |  634.0 |
               +--------+--------+--------+--------+--------+-----+--------+

Top non-repeatable levels by time:
     D:1: 1205 daAuts
     D:2: 63 daAuts
